 Dungeon Crawl Stone Soup version 0.20.1-1-g8b1a95d (webtiles) character file.

93 JackS81 the Covered (level 4, -3/28 HPs)
             Began as a Gargoyle Fighter on Aug 18, 2017.
             Killed by nerve-wracking pain
             ... invoked by Grinder
              (5 damage)
             ... on level 3 of the Dungeon.
             The game lasted 00:07:09 (1342 turns).

JackS81 the Covered (Gargoyle Fighter)              Turns: 1342, Time: 00:07:10

Health: -3/28      AC: 15    Str: 21    XL:     4   Next: 62%
Magic:  4/4        EV:  3    Int:  8    God:
Gold:   94         SH:  9    Dex:  9    Spells: 3/3 levels left

rFire    + . .     SeeInvis .   a - +0 flail
rCold    + . .     Gourm    .   c - +0 shield
rNeg     + . .     Faith    .   e - +0 plate armour
rPois    ∞         Spirit   .   (no helmet)
rElec    +         Reflect  .   m - scarf {rC+ rF+}
rCorr    +         Harm     .   (no gloves)
MR       .....                  (no boots)
Stlth    ..........             (no amulet)
Regen    0.1/turn               h - ring of resist corrosion
MPRegen  0.1/turn               (no ring)

@: no status effects
A: negative energy resistance 1, electricity resistance, unbreathing,
petrification resistance, rot immunity, AC +3
a: no special abilities


You were on level 3 of the Dungeon.
You were not hungry.

You visited 1 branch of the dungeon, and saw 3 of its levels.

You collected 94 gold pieces.

Inventory:

Hand Weapons
 a - a +0 flail (weapon)
Missiles
 g - 9 arrows
 q - 47 sling bullets
 r - 26 bolts
Armour
 b - a +0 scale mail
 c - a +0 shield (worn)
 e - a +0 plate armour (worn)
 m - a scarf of resistance (worn)
 p - a +0 pair of gloves
Jewellery
 h - a ring of resist corrosion (left hand)
Scrolls
 j - 3 scrolls of remove curse
 k - a scroll of immolation {unknown}
 n - a scroll of recharging {unknown}
 s - a scroll of magic mapping {unknown}
 u - a scroll of teleportation {unknown}
Potions
 d - a potion of might
 t - a potion of haste {unknown}
 v - a potion of flight {unknown}
Comestibles
 f - 3 bread rations
 l - a royal jelly
 o - 3 meat rations


   Skills:
 - Level 3.2 Fighting
 * Level 4.0 Maces & Flails
 + Level 4.1 Armour
 - Level 3.2 Shields


You had 3 spell levels left.
You didn't know any spells.

Dungeon Overview and Level Annotations

Branches:
Dungeon (3/15)

Altars:

Annotations:
D:3 Grinder


Innate Abilities, Weirdness & Mutations

You are resistant to torment.
Your stone body is resilient. (AC +3)
You are immune to poison.
You resist negative energy. (rN+)
You are resistant to electric shocks. (rElec)
You can survive without breathing.
You are immune to petrification.
You are immune to rotting.


Message History

You hit Grinder.
Grinder is heavily wounded.
Grinder says, "My boss said I was rubbish.
His entrails said otherwise."
You block Grinder's attack.
You closely miss Grinder.
Grinder is heavily wounded.
Grinder hits you.
* * * LOW HITPOINT WARNING * * *
You writhe in agony.
* * * LOW HITPOINT WARNING * * *
You sock Grinder!
Grinder is severely wounded.
Grinder gestures at you. Pain shoots through your body!
* * * LOW HITPOINT WARNING * * *
Sorry, you're not good enough to have a special ability.
It was a potion of magic.
Magic courses through your body. Grinder gestures at you.
Pain shoots through your body!
You die...

########....$
#......##.#.#
#......##.#.#
.####......##.#.######
..............)........
######......##.#.#.####
#####..##.#...
##.##.###.# #..#@# .#
##.#5# # ###.#.#
#<....# ###.#.# #.###
#..# ##.# #.#


You could see Grinder.

Vanquished Creatures
  Terence (D:2)
  2 adders (D:2)
  2 worms (D:2)
  A dart slug (D:2)
  A leopard gecko (D:1)
  An orc (D:3)
  3 giant cockroaches
  6 goblins
  8 hobgoblins
  A quokka (D:2)
  3 bats
  2 frilled lizards
  3 kobolds
  4 rats
38 creatures vanquished.

Notes
Turn   | Place    | Note
-------+----------+-------------------------------------------
     0 | D:1      | JackS81 the Gargoyle Fighter began the quest for the Orb.
     0 | D:1      | Reached XP level 1. HP: 14/14 MP: 1/1
   254 | D:1      | Reached XP level 2. HP: 19/19 MP: 2/2
   592 | D:2      | Reached XP level 3. HP: 21/23 MP: 3/3
   596 | D:2      | Found a faded altar of an unknown god.
   628 | D:2      | Noticed Terence
   652 | D:2      | Killed Terence
   652 | D:2      | Reached XP level 4. HP: 27/28 MP: 4/4
  1296 | D:3      | Noticed Grinder
  1296 | D:3      | Paralysed by Grinder for 2 turns
  1320 | D:3      | Paralysed by Grinder for 3 turns
  1328 | D:3      | Paralysed by Grinder for 5 turns
  1341 | D:3      | HP: 1/28 [Grinder/nerve-wracking pain (4)]
  1342 | D:3      | Killed from afar by Grinder

Skill      XL: |  1  2  3  4 |
---------------+-------------+-----
Maces & Flails | 3 4 |  4.0
Armour         | 4 |  4.1
Fighting       | |  3.2
Shields        | |  3.2

Action                   |  1- 3 |  4- 6 || total
-------------------------+-------+-------++-------
Melee: Flail             |    78 |   109 ||   187
  Use: Scroll            |     1 |       ||     1
       Potion            |       |     1 ||     1
  Eat: Chunk             |       |     2 ||     2
Armor: Plate armour      |    53 |    75 ||   128
Dodge: Dodged            |    11 |     8 ||    19
Block: Shield            |    38 |    64 ||   102
